 Dungeon Crawl Stone Soup version 0.20.1-1-g8b1a95d (webtiles) character file.

1796 OneorTwo the Basher (level 8, -4/75 HPs)
             Began as a Minotaur Fighter on Aug 8, 2017.
             Shot with an arrow by a centaur (7 damage)
             ... on level 6 of the Dungeon.
             The game lasted 00:12:40 (4881 turns).

OneorTwo the Basher (Minotaur Fighter)              Turns: 4881, Time: 00:12:41

Health: -4/75      AC:  8    Str: 23    XL:     8   Next: 83%
Magic:  7/7        EV:  9    Int:  5    God:
Gold:   375        SH:  0    Dex: 12    Spells: 7/7 levels left

rFire    . . .     SeeInvis .   D - +6 dire flail (crush)
rCold    . . .     Gourm    .   (shield currently unavailable)
rNeg     . . .     Faith    .   b - +0 scale mail
rPois    .         Spirit   .   (helmet restricted)
rElec    .         Reflect  .   (no cloak)
rCorr    .         Harm     .   o - +0 pair of gloves
MR       +....     Clarity  +   (no boots)
Stlth    ..........             (no amulet)
Regen    0.3/turn               C - ring of protection from magic
MPRegen  0.1/turn               (no ring)

@: about to teleport
A: retaliatory headbutt, claws 1, horns 2, agile 1, clarity
a: no special abilities


You were on level 6 of the Dungeon.
You were not hungry.

You visited 1 branch of the dungeon, and saw 6 of its levels.

You collected 375 gold pieces.

Inventory:

Hand Weapons
 a - a +0 flail
 D - a +6 dire flail of crushing (weapon)
Missiles
 v - 16 tomahawks (quivered)
Armour
 b - a +0 scale mail (worn)
 c - a +0 shield
 o - a +0 pair of gloves (worn)
Jewellery
 C - a ring of protection from magic (left hand)
Wands
 i - a wand of iceblast (11/15)
 q - a wand of flame (20/48)
 r - a wand of acid (15/15)
 u - a wand of disintegration (16/24)
Scrolls
 e - a scroll of amnesia
 g - 3 scrolls of blinking
 h - a scroll of fog
 k - 3 scrolls of remove curse
 l - 4 scrolls of fear
 p - a scroll of recharging
 y - a scroll of random uselessness
Potions
 d - a potion of might
 j - a potion of curing
 s - a potion of agility
 z - a potion of haste
Books
 x - a book of Callings

   Spells                             Type                      Level
   a - Summon Small Mammal            Summoning                    1
   b - Call Imp                       Summoning                    2
   c - Call Canine Familiar           Summoning                    3
   d - Summon Guardian Golem          Hexes/Summoning              3
   e - Summon Lightning Spire         Summoning/Air                4
   f - Summon Ice Beast               Ice/Summoning                4
Comestibles
 f - 3 bread rations
 n - a royal jelly
 t - 12 fruits
 w - 2 meat rations
 A - 4 chunks of flesh


   Skills:
 + Level 8.5 Fighting
 * Level 10.8 Maces & Flails
 + Level 5.1 Armour
 - Level 3.7 Shields


You had 7 spell levels left.
You didn't know any spells.

Dungeon Overview and Level Annotations

Branches:
Dungeon (6/15)
 Temple: D:4-7

Altars:
Gozag


Innate Abilities, Weirdness & Mutations

You reflexively headbutt those who attack you in melee.
You have a pair of horns on your head.
You have sharp fingernails.
You are agile. (Dex +2)
You possess an exceptional clarity of mind.


Message History

You see here an arrow.
The centaur shoots an arrow.
The arrow misses you.
You see here an arrow.
The centaur shoots an arrow.
The arrow barely misses you.
A crimson imp comes into view.
The crimson imp shouts!
The centaur shoots an arrow.
The arrow hits you!
* * * LOW HITPOINT WARNING * * *
The centaur shoots an arrow.
The arrow hits you.
* * * LOW HITPOINT WARNING * * *
You see here 2 arrows.
As you read the scroll of teleportation, it crumbles to dust.
You feel strangely unstable.
The two-headed ogre completely misses you.
You furiously retaliate!
You headbutt the two-headed ogre, but do no damage.
The two-headed ogre completely misses you.
The crimson imp barely misses you.
The centaur shoots an arrow.
The arrow hits you!
You die...

**#.####............#,**
*.............[.....#,***
*...##.#..#s##....#.#,*,**
*.#...............#.#,*,,*
*.........(......##,*,**,,
*.#..###.##l.....#*,*,**,⌠
*,##.*#.....###..#*,*,***,
*.##.##..##c.....#*,*,* *,
*........@.5######*,*,***,
*##......##.# *,*,**,⌠
#.........##### *,*,**,,
#.............# *,*,*,,*
##.####.......# *,*,*,**
#.* #.......# *,*,***
#.####.......# *,*,****
#..........### *,,,,,,,
#.##.#.....# ********


You could see a centaur and a crimson imp.

Vanquished Creatures
  Sigmund (D:5)
  Eustachio (D:4)
  Edmund (D:5)
  2 sky beasts
  2 ogres
  2 phantoms
  A centaur (D:5)
  A bullfrog (D:6)
  A wyvern zombie (D:6)
  2 scorpions (D:5)
  2 crimson imps (D:5)
  A centaur skeleton (D:5)
  3 hounds
  A bullfrog skeleton (D:6)
  2 orc wizards
  2 worker ants
  A worker ant zombie (D:5)
  4 gnolls (D:4)
  A howler monkey zombie (D:6)
  9 adders
  A shadow imp (D:6)
  An ooze (D:2)
  5 worms
  2 dart slugs
  A leopard gecko (D:6)
  10 orcs
  2 giant cockroaches
  5 goblins
  7 hobgoblins
  7 jackals
  3 quokkas
  3 bats
  5 frilled lizards
  5 kobolds
  2 quokka skeletons (D:5)
  7 rats
106 creatures vanquished.

Notes
Turn   | Place    | Note
-------+----------+-------------------------------------------
     0 | D:1      | OneorTwo the Minotaur Fighter began the quest for the Orb.
     0 | D:1      | Reached XP level 1. HP: 19/19 MP: 0/0
    31 | D:1      | You fall through a shaft!
   111 | D:2      | Reached XP level 2. HP: 22/27 MP: 1/1
   406 | D:2      | Reached skill level 3 in Maces & Flails
   406 | D:2      | Reached XP level 3. HP: 15/34 MP: 2/2
  1507 | D:3      | Reached skill level 4 in Maces & Flails
  1507 | D:3      | Reached XP level 4. HP: 37/41 MP: 3/3
  1588 | D:3      | Found an opulent altar of Gozag.
  1891 | D:3      | Reached skill level 5 in Fighting
  2002 | D:3      | Reached skill level 5 in Maces & Flails
  2002 | D:3      | Reached XP level 5. HP: 31/48 MP: 4/4
  3031 | D:4      | Noticed a phantom
  3045 | D:4      | Killed a phantom
  3045 | D:4      | Reached skill level 6 in Maces & Flails
  3045 | D:4      | Reached XP level 6. HP: 57/57 MP: 5/5
  3149 | D:4      | Noticed Eustachio
  3157 | D:4      | Killed Eustachio
  3157 | D:4      | Reached skill level 7 in Maces & Flails
  3389 | D:5      | Entered Level 5 of the Dungeon
  3434 | D:5      | Reached XP level 7. HP: 37/64 MP: 6/6
  3626 | D:5      | Reached skill level 8 in Maces & Flails
  3856 | D:5      | Reached skill level 9 in Maces & Flails
  3969 | D:5      | Reached XP level 8. HP: 70/73 MP: 7/7
  4022 | D:5      | Gained mutation: You are robust. (+10% HP) [mutagenic meat]
  4023 | D:5      | Gained mutation: You have sharp fingernails. [mutagenic meat]
  4025 | D:5      | Lost mutation: You are robust. (+10% HP) [mutagenic meat]
  4026 | D:5      | Gained mutation: You are agile. (Dex +2) [mutagenic meat]
  4027 | D:5      | Gained mutation: You possess an exceptional clarity of mind. [mutagenic meat]
  4035 | D:5      | Noticed Edmund
  4043 | D:5      | Killed Edmund
  4224 | D:5      | Noticed Sigmund
  4233 | D:5      | Killed Sigmund
  4233 | D:5      | Reached skill level 10 in Maces & Flails
  4824 | D:6      | Reached skill level 5 in Armour
  4826 | D:6      | Noticed a two-headed ogre
  4878 | D:6      | HP: 3/75 [centaur/arrow (3)]
  4881 | D:6      | Shot with an arrow by a centaur

Skill      XL: |  1  2  3  4  5  6  7  8 |
---------------+-------------------------+-----
Fighting       | 4 5 6 7 8 |  8.5
Maces & Flails | 3 4 5 6 7 9 10 | 10.8
Armour         | 5 |  5.1
Shields        | |  3.7

Action                   |  1- 3 |  4- 6 |  7- 9 || total
-------------------------+-------+-------+-------++-------
Melee: Flail             |    94 |   136 |    89 ||   319
       Headbutt          |     8 |    20 |    24 ||    52
       Dire flail        |       |       |    51 ||    51
Throw: Tomahawk          |       |       |     8 ||     8
  Use: Scroll            |       |       |    15 ||    15
       Potion            |       |       |     1 ||     1
  Eat: Chunk             |     2 |     6 |    11 ||    19
Armor: Scale mail        |    45 |    45 |    50 ||   140
Dodge: Dodged            |    25 |    32 |    37 ||    94
Block: Shield            |    46 |    60 |    32 ||   138
